 Dungeon Crawl Stone Soup version 0.31.0-32-g396128a36d (webtiles) character file.

Game seed: 17285212463309342067

136 Marvel the Cutter (level 5, -4/37 HPs)
             Began as an Octopode Monk on Mar 15, 2024.
             Incinerated by a bombardier beetle (5 damage)
             ... with a burning spray
             ... on level 4 of the Dungeon.
             The game lasted 00:04:53 (1258 turns).

Marvel the Cutter (Octopode Monk)                   Turns: 1258, Time: 00:04:54

Health: -4/37      AC:  1    Str: 10    XL:     5   Next: 19%
Magic:  5/5        EV: 14    Int: 13    God:
Gold:   163        SH:  0    Dex: 16    Spells: 4/4 levels left

rFire   . . .        a - +1 short sword
rCold   . . .        c - orb {light}
rNeg    . . .        b - +0 hat
rPois   .            e - amulet of faith
rElec   .            (no ring)
rCorr   .            (no ring)
SInv    .            (no ring)
Will    .....        (no ring)
Stlth   +            (no ring)
HPRegen 0.26/turn    (no ring)
MPRegen 0.09/turn    (no ring)
                     (no ring)

%: faith
@: on fire, glowing
A: almost no armour, amphibious, 8 rings, camouflage 1, gelatinous body 1,
(nimble swimmer 1), tentacles, beak, MP-powered wands
a: no special abilities


You were on level 4 of the Dungeon.
You visited 1 branch of the dungeon, and saw 4 of its levels.

You collected 163 gold pieces.

Inventory:

Hand Weapons
 a - a +1 short sword (weapon)
Missiles
 l - 2 poisoned darts (quivered)
Armour
 b - a +0 hat (worn)
 c - an orb of light (worn)
Jewellery
 e - an amulet of faith (around mantle)
Wands
 k - a wand of quicksilver (9)
Scrolls
 d - 3 scrolls of identify {unknown}
 i - a scroll of poison
 j - 2 scrolls of teleportation
Potions
 g - a potion of attraction {unknown}
 h - a potion of curing {unknown}
 n - a potion of enlightenment {unknown}


   Skills:
 + Level 3.8 Fighting
 + Level 4.4 Short Blades
 + Level 4.0 Dodging


You had 4 spell levels left.
You didn't know any spells.
Your spell library contained the following spells:

 Spells                   Type           Power      Damage    Failure   Level
 Kiss of Death            Conj/Necr      0%         2d5       30%         1
 Lesser Beckoning         Tloc           0%         N/A       43%         2
 Confusing Touch          Hex            0%         N/A       67%         3
 Gell's Gravitas          Tloc           0%         N/A       67%         3
 Teleport Other           Tloc           0%         N/A       67%         3
 Dispel Undead            Necr           0%         3d6       97%         4


Dungeon Overview and Level Annotations

Branches:
Dungeon (4/15)
 Temple: D:4-7

Altars:
Elyvilon

Shops:
D:1 ![

Annotations:
D:2 Sigmund


Innate Abilities, Weirdness & Mutations

You cannot wear most types of armour.
You are amphibious.
You can wear up to eight rings at the same time.
Your skin changes colour to match your surroundings (Stealth+).
Your rubbery body absorbs attacks. (AC +1, EV +1)
((You are camouflaged when in or above water. (Stealth+)))
You have tentacles for arms and can constrict up to eight enemies at once.
You have a beak for a mouth.
You expend magic power (3 MP) to strengthen your wands.


Message History

You hit the bombardier beetle but do no damage.
The bombardier beetle is heavily wounded.
The liquid fire burns you!
You constrict the bombardier beetle.
The bombardier beetle sprays incendiary fluid at you.
The burning spray hits you.
You are even more covered in liquid fire!
You hit the bombardier beetle.
The bombardier beetle is severely wounded.
The liquid fire burns you!
You constrict the bombardier beetle, but do no damage.
You hit the bombardier beetle but do no damage.
The bombardier beetle is severely wounded.
The liquid fire burns you!
You constrict the bombardier beetle, but do no damage.
The orc wizard points at you and mumbles some strange words.
The puff of flame misses you. The bombardier beetle misses you.
You completely miss the bombardier beetle.
The bombardier beetle is severely wounded.
The liquid fire burns you!
You constrict the bombardier beetle.
You hit the bombardier beetle but do no damage.
The bombardier beetle is severely wounded.
The liquid fire burns you!
* * * LOW HITPOINT WARNING * * *
You constrict the bombardier beetle.
The bombardier beetle barely misses you.
You completely miss the bombardier beetle.
You squeeze the bombardier beetle.
You kill the bombardier beetle!
The liquid fire burns you!
* * * LOW HITPOINT WARNING * * *
Your Dodging skill increases to level 4!
You have reached level 5!
You feel clever.
It was a potion of mutation.
You feel extremely strange.
Your mouth lengthens and hardens into a beak!
You feel your magical essence link to the dungeon's wands.
The liquid fire burns you!
You die...

.##..#.........
.#............. #####
...........[... ....#
...........g.. ....
#.#.....#.##..# ..#
......##†.#....##..#
.#....#.....##.o..#
#......†#.#####o#.##
.....††##.#.....@†.#.
....##)#....#####....##
...###)...### .##...#
...#..[...# ?# #..#
#### .<.#....### ..
..###...## ........# .#
..#...... ........# .#
#........ .........
.#######<.......
..##.....
................


You could see an orc wizard, an orc and a goblin.

Vanquished Creatures
  A bombardier beetle (D:4)
  A gnoll (D:3)
  3 adders
  2 ribbon worms (D:2)
  An orc (D:4)
  3 bats
  An endoplasm (D:1)
  4 giant cockroaches
  12 goblins
  7 hobgoblins
  2 jackals (D:1)
  3 quokkas
  6 ball pythons
  A frilled lizard (D:2)
  6 kobolds
  6 rats
59 creatures vanquished.

Notes
Turn   | Place    | Note
-------+----------+-------------------------------------------
     0 | D:1      | Marvel the Octopode Monk began the quest for the Orb.
     0 | D:1      | Reached XP level 1. HP: 16/16 MP: 1/1
    11 | D:1      | Found Cer Paba's Distillery.
    97 | D:1      | Reached XP level 2. HP: 21/21 MP: 2/2
   310 | D:1      | Reached XP level 3. HP: 26/26 MP: 3/3
   390 | D:1      | Found Weotyplu's Armour Emporium.
   755 | D:2      | Reached XP level 4. HP: 20/32 MP: 4/4
   891 | D:2      | Identified the +5 leather armour of the Fresh Wumpus {Int+2
                  | Slay+2 Stlth-}
   969 | D:2      | Noticed Sigmund
  1109 | D:3      | Found a white marble altar of Elyvilon.
  1257 | D:4      | HP: 1/33 [burnt (5)]
  1258 | D:4      | Reached XP level 5. HP: 1/37 MP: 5/5
  1258 | D:4      | Gained mutation: You have a beak for a mouth. [potion of
                  | mutation]
  1258 | D:4      | Gained mutation: You expend magic power (3 MP) to
                  | strengthen your wands. [potion of mutation]
  1258 | D:4      | Incinerated by a bombardier beetle

Illustrated notes

Levels and vault maps discovered:
D:1:      grunt_arrival_lava_bath, layout_rooms, serial_shops,
          nicolae_shop_rolling_square, shop
D:2:      layout_rooms, uniq_sigmund
D:3:      layout_basic, elyvilon_altar_4, grunt_decor_junction
D:4:      layout_rooms

Skill      XL: |  1  2  3  4 |
---------------+-------------+-----
Short Blades   | 4 |  4.4
Dodging        | 4 |  4.0
Fighting       | |  3.8

Action                     |  1- 3 |  4- 6 || total
---------------------------+-------+-------++-------
  Melee: Short sword       |    72 |    40 ||   112
         Constrict         |    28 |    13 ||    41
         Tentacles         |    21 |    16 ||    37
         Punch             |     5 |       ||     5
    Use: Scroll            |       |     4 ||     4
         Potion            |       |     2 ||     2
 Armour: Skin              |    27 |    12 ||    39
  Dodge: Dodged            |    36 |    22 ||    58
